 Dungeon Crawl Stone Soup version 0.30.1-11-g7821555f0a (webtiles) character file.

Game seed: 16187584168896704449

3604 PaiMei the Scholar of Death (level 9, -3/72 HPs)
             Began as a Demonspawn Necromancer on Jan 5, 2024.
             Was a Follower of Kikubaaqudgha.
             Asphyxiated
             ... on level 9 of the Dungeon.
             The game lasted 00:12:19 (8504 turns).

PaiMei the Scholar of Death (DsNe)                  Turns: 8504, Time: 00:12:20

Health: -3/72      AC: 10    Str:  8    XL:     9   Next: 86%
Magic:  28/28      EV: 14    Int: 22    God:    Kikubaaqudgha [*.....]
Gold:   456        SH:  0    Dex: 13    Spells: 13/21 levels left

rFire   . . .        v - +5 trident of Dishonesty {protect, Fragile Fly rC+}
rCold   + . .        (no shield)
rNeg    . . .        a - +0 robe
rPois   .            (no helmet)
rElec   .            q - +2 cloak
rCorr   .            (no gloves)
SInv    .            (no boots)
Will    .....        h - amulet of regeneration
Stlth   ++           s - +4 ring of protection
HPRegen 1.12/turn    F - ring of magical power
MPRegen 0.42/turn

%: no passive effects
@: lethally poisoned (-3 -> -24), flying, slowed, very slow
A: hooves 1, rugged brown scales 1, spiny 1, magic regeneration
a: Renounce Religion, Unearth Wretches


You were on level 9 of the Dungeon.
You worshipped Kikubaaqudgha.
Kikubaaqudgha was aware of your devotion.
You visited 2 branches of the dungeon, and saw 10 of its levels.

You collected 456 gold pieces.

Inventory:

Hand Weapons
 k - a +0 rapier
 v - the +5 trident of Dishonesty (weapon) {protect, Fragile Fly rC+}
   (You found it on level 4 of the Dungeon)

   rC:        It protects you from cold.
   Fly:       It grants you flight.
   Fragile:   It will be destroyed if unequipped.
 H - a +2 short sword of draining
Missiles
 B - a curare-tipped dart
 I - 31 poisoned darts
 N - 2 throwing nets
Armour
 a - a +0 robe (worn)
 q - a +2 cloak (worn)
Jewellery
 h - an amulet of regeneration (around neck)
 r - an amulet of magic regeneration
 s - a +4 ring of protection (left hand)
 F - a ring of magical power (right hand)
 K - an amulet of faith
 M - a ring of poison resistance
Wands
 w - a wand of mindburst (13)
 A - a wand of polymorph (9)
 D - a wand of charming (14)
 J - a wand of digging (9)
Scrolls
 d - 5 scrolls of amnesia {unknown}
 e - 2 scrolls of fog {unknown}
 f - 5 scrolls of enchant weapon {unknown}
 i - 2 scrolls of immolation {unknown}
 j - 2 scrolls of fear {unknown}
 l - 4 scrolls of teleportation {unknown}
 n - 9 scrolls of identify {unknown}
 o - 2 scrolls of vulnerability {unknown}
 t - 3 scrolls of blinking {unknown}
 y - a scroll of magic mapping {unknown}
 z - a scroll of poison {unknown}
 E - a scroll of enchant armour {unknown}
 G - a scroll of brand weapon {unknown}
Potions
 b - 3 potions of magic
 c - a potion of flight {unknown}
 g - 2 potions of curing {unknown}
 m - a potion of degeneration {unknown}
 p - 3 potions of heal wounds {unknown}
 u - 2 potions of attraction {unknown}
 x - a potion of haste {unknown}
 C - a potion of lignification {unknown}
 O - a potion of invisibility {unknown}
Miscellaneous
 L - a piece from Xom's chessboard (15/15)


   Skills:
 + Level 6.3 Fighting
 + Level 6.7 Dodging
 - Level 3.2 Stealth
 + Level 6.7 Spellcasting
 + Level 9.0 Necromancy


You had 13 spell levels left.
You knew the following spells:

 Your Spells              Type           Power      Damage    Failure   Level
a - Necrotise             Necr           100%       1d9       1%          1
b - Vampiric Draining     Necr           47%        2d9       1%          3
c - Animate Dead          Necr           47%        N/A       1%          4

Your spell library contained the following spells:

 Spells                   Type           Power      Damage    Failure   Level
 Sublimation of Blood     Necr           47%        N/A       1%          2
 Cigotuvi's Dreadful Rot  Necr/Pois/Air  40%        N/A       3%          2
 Agony                    Necr           47%        N/A       6%          5
 Ensorcelled Hibernation  Hex/Ice        14%        N/A       13%         2
 Passwall                 Tmut/Erth      5%         N/A       13%         2
 Swiftness                Air            7%         N/A       26%         3


Dungeon Overview and Level Annotations

Branches:
Dungeon (9/15)             Temple (1/1) D:7
   Lair: D:8-11         Orc: D:9-12

Altars:
Cheibriados
Fedhas
Kikubaaqudgha
Makhleb
Nemelex Xobeh
Okawaru
Ru
Trog
Xom

Shops:
D:1 (

Annotations:
D:3 Eustachio
D:4 Menkaure
D:5 3 runed translucent doors, PrincessEmiBear's ghost, novice TrMo; thestarryknight's ghost, amateur DsAr


Innate Abilities, Weirdness & Mutations

You have large cloven feet.
You are partially covered in rugged brown scales. (AC +1, +3% HP)
You are partially covered in sharp spines.
You regenerate magic rapidly.


Message History

Press: ? - help, Shift-Dir - straight line, f - kobold
Aim: a kobold, wielding a +0 whip (ally target, chance to affect: 93%)
The kobold writhes in agony.
You kill the kobold!
Kikubaaqudgha accepts your kill.
The dead are walking!
You feel extremely sick.
Your kobold skeleton closely misses the kobold brigand.
Casting: Necrotise (safe; 1% risk of failure)
Confirm with . or Enter, or press ? or * to list all spells.
Aiming: Necrotise (safe; 1% risk of failure)
Press: ? - help, Shift-Dir - straight line, f - kobold brigand
Aim: a kobold brigand, wielding a +0 short sword and quivering curare-tipped darts (ally target, chance to affect: 83%)
The kobold brigand writhes in agony!
You feel extremely sick.
The kobold brigand hits your kobold skeleton with a +0 short sword.
Your kobold skeleton hits the kobold brigand.
The kobold brigand barely misses your kobold skeleton.
Your kobold skeleton completely misses the kobold brigand.
Found a stone staircase leading down.
You feel very sick.
The kobold brigand throws a curare-tipped dart.
The curare-tipped dart hits you.
You are more poisoned.
You have difficulty breathing.
* * * LOW HITPOINT WARNING * * *
You feel as though you will be slow longer.
Your kobold skeleton misses the kobold brigand.
Your kobold skeleton barely misses the kobold brigand.
Casting: Necrotise (safe; 1% risk of failure)
Confirm with . or Enter, or press ? or * to list all spells.
You can't see any susceptible monsters within range! (Use Z to cast anyway.)
* * * LOW HITPOINT WARNING * * *
You feel extremely sick.
The kobold brigand throws a curare-tipped dart.
The curare-tipped dart hits you.
You are more poisoned.
You have difficulty breathing.
You die...
Kikubaaqudgha rasps: "You have failed me!
Welcome... death!"

..#...... ......... ..# #. .....#
..>.....# ..# #.#####.#
........##..####....##.#
............##..........
.............(....##))
####..ZK.............#)<
###.....Z.............).)) #..
#..@.............#.# #.#
#..........).......# #.#
##..................#
########.####.................#..
.....#.....#..#...............###
......)......###......#.......# #
......†......######.#.##.######
...............# #.#....#
...............####....###


You could see a kobold brigand (ally target) and 2 friendly kobold skeletons.

Vanquished Creatures
  A two-headed ogre (D:9)
  Prince Ribbit (D:5)
  A water moccasin (D:8)
  A black bear (D:7)
  2 sky beasts
  An orc warrior (D:7)
  An ice beast (D:5)
  3 centaurs
  2 ogres
  Blork the orc (D:6)
  4 kobold brigands
  4 bullfrogs
  A gnoll sergeant (D:9)
  2 scorpions
  6 killer bees (D:8)
  4 howler monkeys
  A jelly (D:6)
  A gnoll bouda (D:7)
  An orc priest (D:6)
  A sleepcap (D:6)
  2 hounds (D:5)
  Ijyb (D:5)
  Terence (D:2)
  2 iguanas (D:6)
  2 orc wizards (D:8)
  5 adders
  11 gnolls
  3 white imps (D:6)
  An ufetubus (D:5)
  A worm (D:2)
  2 dart slugs
  22 orcs
  7 endoplasms
  4 giant cockroaches
  8 goblins
  6 hobgoblins
  4 jackals (D:3)
  5 quokkas
  11 ball pythons
  4 bats
  2 frilled lizards
  23 kobolds
  4 rats
170 creatures vanquished.

Vanquished Creatures (collateral kills)
  An endoplasm (D:1)
  A rat (D:1)
2 creatures vanquished.

Grand Total: 172 creatures vanquished

Notes
Turn   | Place    | Note
-------+----------+-------------------------------------------
     0 | D:1      | PaiMei the Demonspawn Necromancer began the quest for the
                  | Orb.
     0 | D:1      | Reached XP level 1. HP: 13/13 MP: 3/3
   122 | D:1      | Gained mutation: You regenerate magic rapidly. [demonic
                  | ancestry]
   122 | D:1      | Reached XP level 2. HP: 19/19 MP: 1/5
  1052 | D:1      | Found Ikkiygi's Weapon Boutique.
  1177 | D:2      | Reached XP level 3. HP: 24/24 MP: 3/6
  1236 | D:2      | Noticed Terence
  1791 | D:2      | Found a faded altar of an unknown god.
  1951 | D:2      | Killed Terence
  1952 | D:2      | Gained mutation: You are partially covered in rugged brown
                  | scales. (AC +1, +3% HP) [demonic ancestry]
  1952 | D:2      | Reached XP level 4. HP: 20/30 MP: 1/7
  2112 | D:3      | Reached skill level 5 in Necromancy
  2240 | D:3      | Noticed a sky beast
  2750 | D:3      | Killed a sky beast
  2751 | D:3      | Gained mutation: You have large cloven feet. [demonic
                  | ancestry]
  2751 | D:3      | Reached XP level 5. HP: 19/36 MP: 2/9
  2755 | D:3      | Learned a level 3 spell: Vampiric Draining
  2760 | D:3      | Learned a level 4 spell: Animate Dead
  2969 | D:4      | Found a sparkling altar of Nemelex Xobeh.
  2986 | D:4      | Noticed Menkaure
  3087 | D:4      | Noticed Eustachio
  3812 | D:4      | Identified the +5 trident of Dishonesty {protect, Fragile
                  | Fly rC+}
  4627 | D:5      | Entered Level 5 of the Dungeon
  4660 | D:5      | Noticed an ice beast
  4671 | D:5      | Reached XP level 6. HP: 43/43 MP: 5/10
  4715 | D:5      | Killed an ice beast
  4716 | D:5      | Reached skill level 1 in Fighting
  4775 | D:5      | Found a bloodstained altar of Trog.
  4777 | D:5      | Noticed Ijyb
  4782 | D:5      | Killed Ijyb
  4830 | D:5      | Noticed Prince Ribbit
  4839 | D:5      | Killed Prince Ribbit
  4840 | D:5      | Reached skill level 6 in Necromancy
  4840 | D:5      | Reached XP level 7. HP: 51/51 MP: 0/12
  4938 | D:5      | Found a runed translucent gate.
  4938 | D:5      | Found a runed translucent gate.
  4959 | D:5      | Found a runed translucent gate.
  4962 | D:5      | Noticed thestarryknight's ghost (amateur DsAr)
  4962 | D:5      | Noticed PrincessEmiBear's ghost (novice TrMo)
  5605 | D:6      | Noticed Blork the orc
  5615 | D:6      | Killed Blork the orc
  5802 | D:6      | Reached XP level 8. HP: 59/59 MP: 8/14
  6271 | D:6      | Reached skill level 7 in Necromancy
  6514 | D:7      | Reached skill level 5 in Dodging
  6514 | D:7      | Reached skill level 5 in Spellcasting
  6606 | D:7      | Found a staircase to the Ecumenical Temple.
  6633 | Temple   | Entered the Ecumenical Temple
  6665 | Temple   | Became a worshipper of Kikubaaqudgha
  7516 | D:8      | Gained mutation: You are partially covered in sharp spines.
                  | [demonic ancestry]
  7516 | D:8      | Reached XP level 9. HP: 69/69 MP: 9/17
  7636 | D:8      | Reached skill level 5 in Fighting
  7849 | D:8      | Reached skill level 8 in Necromancy
  8064 | D:9      | Reached * piety under Kikubaaqudgha
  8064 | D:9      | Received a gift from Kikubaaqudgha
  8202 | D:9      | Noticed a two-headed ogre
  8213 | D:9      | Killed a two-headed ogre
  8431 | D:9      | Found a shimmering altar of Xom.
  8433 | D:9      | Found a blossoming altar of Fedhas.
  8459 | D:9      | Reached skill level 9 in Necromancy
  8504 | D:9      | Asphyxiated

Illustrated notes

Levels and vault maps discovered:
D:1:      mushboom_english_gardens, layout_basic, serial_shops,
          nicolae_shop_tiny_real_fake_doors
D:2:      layout_loops_ring, nicolae_ecumenical_lake_church,
          minmay_misc_feat_room, uniq_terence
D:3:      layout_basic
D:4:      layout_loops_ring, grunt_temple_overflow_open, uniq_eustachio,
          uniq_menkaure
D:5:      layout_rooms, old_standard_altar, gammafunk_ghost_cemetery,
          lightli_ossuary_entry_decrepit_ruins, uniq_ijyb, uniq_prince_ribbit1
D:6:      layout_basic, uniq_blork_the_orc
D:7:      layout_gridville, minmay_temple_entry_enclosed_plants
D:8:      layout_rooms, minmay_misc_feat_diagonals, hellmonk_bongcloud_opening,
          minmay_strange_pillars
D:9:      layout_rooms, marbit_many_paths,
          chequers_temple_overflow_statue_of_worship
Temple:   regret_index_temple_sphere_string

Skill      XL: |  1  2  3  4  5  6  7  8  9 |
---------------+----------------------------+-----
Stealth        | 2 3 |  3.2
Dodging        | 2 3 4 5 6 |  6.7
Necromancy     | 5 6 7 9 |  9.0
Spellcasting   | 3 4 5 6 |  6.7
Fighting       | 2 3 4 6 |  6.3

Action                     |  1- 3 |  4- 6 |  7- 9 || total
---------------------------+-------+-------+-------++-------
  Melee: Rapier            |     3 |    76 |       ||    79
         Kick              |       |    21 |    24 ||    45
         Trident           |       |    18 |   101 ||   119
         Punch             |       |     1 |     3 ||     4
   Cast: Necrotise         |    73 |    81 |    97 ||   251
         Vampiric Draining |       |    20 |    78 ||    98
   Stab: Distracted        |       |       |     1 ||     1
 Armour: Robe              |     2 |   114 |   110 ||   226
  Dodge: Dodged            |     9 |   165 |   153 ||   327
